 Dungeon Sprint DCSS version 0.28-a0-445-g51f8dfeb47 (webtiles) character file.

Game seed: 8601744336435128419

377 Conn the Arsonist (level 6, -6/36 HPs)
             Began as an Octopode Fire Elementalist on Sept 12, 2021.
             Mangled by a neqoxec (13 damage)
             ... in the Dungeon (Sprint II: "The Violet Keep of Menkaure").
             The game lasted 00:01:19 (30 turns).

Conn the Arsonist (Octopode Fire Elementalist)        Turns: 30, Time: 00:01:19

Health: -6/36      AC:  1    Str:  6      XL:     6   Next: 73%
Magic:  6/15       EV: 14    Int: 17 (19) God:
Gold:   0          SH:  0    Dex: 12      Spells: 16/17 levels left

rFire   . . .      SeeInvis .   (no weapon)
rCold   . . .      Faith    .   (no shield)
rNeg    . . .      Spirit   .   (helmet restricted)
rPois   .          Reflect  .   (no amulet)
rElec   .          Harm     .   (no ring)
rCorr   .          Rampage  .   (no ring)
Will    .....      NoTele   +   (no ring)
Stlth   ++++......              (no ring)
HPRegen 0.12/turn               (no ring)
MPRegen 0.14/turn               (no ring)
                                (no ring)
                                (no ring)

@: on berserk cooldown, hasted and slowed
A: almost no armour, amphibious, 8 rings, camouflage 1, gelatinous body 1,
(nimble swimmer 1), tentacles, weak 1
a: no special abilities


You were in the Dungeon.
You visited 1 branch

Inventory:

Scrolls
 f - a scroll of blinking
Potions
 a - a potion of curing
 b - a potion of heal wounds
 d - 2 potions of magic


   Skills:
 + Level 5.3 Dodging
 + Level 6.8 Stealth
 + Level 6.0 Spellcasting
 + Level 2.0 Conjurations
 + Level 10.7 Fire Magic


You had 16 spell levels left.
You knew the following spells:

 Your Spells              Type           Power      Damage    Failure   Level
a - Foxfire               Conj/Fire      100%       2x1d9     1%          1

Your spell library contained the following spells:

 Spells                   Type           Power      Damage    Failure   Level
 Scorch                   Fire           82%        2d9       1%          2
 Conjure Flame            Conj/Fire      26%        6-21      2%          3
 Inner Flame              Hex/Fire       23%        N/A       4%          3
 Flame Wave               Conj/Fire      26%        3d6       10%         4


Dungeon Overview and Level Annotations

Branches:
Dungeon (1/1)

Altars:


Innate Abilities, Weirdness & Mutations

You cannot wear most types of armour.
You are amphibious.
You can wear up to eight rings at the same time.
Your skin changes colour to match your surroundings (Stealth+).
Your rubbery body absorbs attacks. (AC +1, EV +1)
((You are camouflaged near water. (Stealth+)))
You have tentacles for arms and can constrict up to eight enemies at once.
You are weak. (Str -2)


Message History

You bludgeon the neqoxec! You grab the neqoxec. You squeeze the neqoxec.
The neqoxec is moderately wounded.
You constrict the neqoxec, but do no damage.
The neqoxec hits you!
You barely miss the neqoxec.
The neqoxec is moderately wounded.
You constrict the neqoxec. You tentacle-slap the neqoxec.
The neqoxec is heavily wounded.
You constrict the neqoxec, but do no damage.
The neqoxec hits you!
* * * LOW HITPOINT WARNING * * *
You bludgeon the neqoxec!
The neqoxec is severely wounded.
You constrict the neqoxec, but do no damage.
The neqoxec closely misses you.
You completely miss the neqoxec.
The neqoxec is severely wounded.
You constrict the neqoxec, but do no damage.
You bludgeon the neqoxec!
You kill the neqoxec!
Your Dodging skill increases to level 5!
Your Spellcasting skill increases to level 6!
Your Conjurations skill increases to level 2!
Your Fire Magic skill increases to level 10!
Unknown command.
You tentacle-slap the neqoxec. Your grab misses the neqoxec.
You squeeze the neqoxec, but do no damage.
The neqoxec is lightly wounded.
The neqoxec gestures at you.
You feel dopey. Something feeds on your intellect!
You tentacle-slap the neqoxec. Your grab misses the neqoxec.
The neqoxec is lightly wounded.
You tentacle-slap the neqoxec. Your grab misses the neqoxec.
The neqoxec is moderately wounded.
You are no longer berserk.
You are exhausted.
You feel yourself slow down. The neqoxec hits you!
You die...

## ##
##. .##
.. B. #
B#. #.
#+#
#..##.##
#$3@<.+
#.##.##
#. #+# #
w#. .w
#w ##.
## ##


You could see a neqoxec.

Vanquished Creatures
  3 neqoxecs (D)
3 creatures vanquished.

Notes
Turn   | Place    | Note
-------+----------+-------------------------------------------
     0 | D        | Conn the Octopode Fire Elementalist began the quest for the
                  | Orb.
     0 | D        | Reached XP level 1. HP: 11/11 MP: 3/3
     1 | D        | Noticed a boulder beetle
     1 | D        | Noticed a boulder beetle
     8 | D        | Noticed a neqoxec
     8 | D        | Noticed a neqoxec
     8 | D        | Noticed a neqoxec
     8 | D        | Noticed a neqoxec
    15 | D        | Killed a neqoxec
    16 | D        | Reached skill level 5 in Stealth
    16 | D        | Reached skill level 8 in Fire Magic
    16 | D        | Reached XP level 2. HP: 16/17 MP: 4/7
    16 | D        | Reached XP level 3. HP: 20/21 MP: 4/8
    16 | D        | Reached XP level 4. HP: 26/27 MP: 5/10
    16 | D        | Reached XP level 5. HP: 30/31 MP: 5/11
    18 | D        | Gained mutation: You are weak. (Str -2) [a neqoxec]
    21 | D        | Killed a neqoxec
    22 | D        | Reached skill level 5 in Spellcasting
    22 | D        | Reached skill level 9 in Fire Magic
    22 | D        | Reached XP level 6. HP: 29/36 MP: 5/14
    27 | D        | Killed a neqoxec
    28 | D        | Reached skill level 5 in Dodging
    28 | D        | Reached skill level 10 in Fire Magic
    30 | D        | Mangled by a neqoxec

Illustrated notes

Levels and vault maps discovered:
D:        the_violet_keep_of_menkaure [sprint2_stairs_cluster_1,
          sprint2_shoproom, sprint2_temple, sprint2_basic_supplies,
          sprint2_obstacle_1, sprint2_obstacle_6, sprint2_obstacle_3,
          sprint2_obstacle_5, sprint2_obstacle_2, sprint2_timed_cluster_1,
          sprint2_smallroom_cluster_1, sprint2_smallroom_final_cluster_1,
          sprint2_transparent_cluster_1, sprint2_second_timed_cluster_1,
          sprint2_sniper_area_1, sprint2_heavy_combat_area_1,
          sprint2_mutation_trap_area_1, sprint2_forest_area_1,
          sprint2_light_combat_area_1, sprint2_behind_water_1,
          sprint2_near_end_vault_1]

Skill      XL: |  1  2  3  4  5  6 |
---------------+-------------------+-----
Dodging        | 4 5 |  5.3
Stealth        | 5 6 |  6.8
Spellcasting   | 4 5 6 |  6.0
Fire Magic     | 8 9 10 | 10.7
Conjurations   | 2 |  2.0

Action                   |  1- 3 |  4- 6 || total
-------------------------+-------+-------++-------
Melee: Unarmed           |     4 |    15 ||    19
       Tentacles         |     2 |     2 ||     4
       Constrict         |     1 |     2 ||     3
  Use: Potion            |     2 |       ||     2
Armor: Skin              |     1 |       ||     1
Dodge: Dodged            |       |     2 ||     2

Table legend: (Time is in decaauts)
 A = Elapsed time spent in this place.
 B = Non-inter-level travel time spent in this place.
 C = Inter-level travel time spent in this place.
 D = Time resting spent in this place.
 E = Time spent auto-exploring this place.
 F = Levels seen in this place.
 G = Mean time per level.
                   A        B        C        D        E       F      G
               +--------+--------+--------+--------+--------+-----+--------+
         Total |     23 |     23 |      0 |      0 |      0 |   1 |   23.0 |
       Dungeon |     23 |     23 |      0 |      0 |      0 |   1 |   23.0 |
               +--------+--------+--------+--------+--------+-----+--------+

Top non-repeatable levels by time:
       D: 23 daAuts
